 Dungeon Crawl Stone Soup version 0.30.0-29-ga12c61a403 (webtiles) character file.

Game seed: 5881613557444864860

114 cheesebisquit the Changer (level 4, -1/35 HPs)
             Began as a Draconian Transmuter on June 9, 2023.
             Slain by Pargi (2 damage)
             ... in a sewer.
             The game lasted 00:07:27 (1774 turns).

cheesebisquit the Changer (Draconian Transmuter)    Turns: 1774, Time: 00:07:28

Health: -1/35      AC:  5    Str: 13    XL:     4   Next: 67%
Magic:  5/7        EV: 12    Int: 15    God:
Gold:   98         SH:  0    Dex: 11    Spells: 1/7 levels left

rFire   . .          .
                       - Unarmed
rCold   . . .        (no shield)
rNeg    . . .        (body armour unavailable)
rPois   .            (helmet currently unavailable)
rElec   .            (no cloak)
rCorr   .            (no gloves)
SInv    .            (boots currently unavailable)
Will    .....        (no amulet)
Stlth   +            (no ring)
HPRegen 0.25/turn    (no ring)
MPRegen 0.10/turn

%: no passive effects
@: appendages (expiring), wereblooded
A: horns 2, talons 2, AC +5, unfitting armour, cold-blooded
a: End Transformation


You were in a sewer.
You had temporarily grown beastly horns and talons.
You visited 1 branch of the dungeon, and saw 3 of its levels.
You also visited: Sewer.

You collected 98 gold pieces.

Inventory:

Scrolls
 c - a scroll of fog
 d - a scroll of teleportation
 e - a scroll of enchant armour {unknown}
 f - a scroll of blinking
 g - a scroll of enchant weapon {unknown}
 h - a scroll of amnesia {unknown}
 n - a scroll of poison {unknown}
 o - a scroll of identify {unknown}
Potions
 a - a potion of lignification
 b - 2 potions of mutation {unknown}
 i - a potion of attraction {unknown}
 j - a potion of might {unknown}
 k - a potion of degeneration {unknown}
 l - a potion of ambrosia {unknown}
 m - a potion of heal wounds {unknown}


   Skills:
 - Level 1.1 Fighting
 - Level 1.7 Dodging
 - Level 3.0 Unarmed Combat
 - Level 2.0 Spellcasting
 + Level 5.0 Transmutations


You had one spell level left.
You knew the following spells:

 Your Spells              Type           Power      Damage    Failure   Level
a - Beastly Appendage     Tmut           32%        N/A       2%          1
b - Wereblood             Tmut           16%        N/A       4%          2
c - Spider Form           Tmut/Pois      9%         N/A       24%         3

Your spell library contained the following spells:

 Spells                   Type           Power      Damage    Failure   Level
 Dazzling Flash           Conj/Hex       2%         N/A       54%         3
 Ice Form                 Ice/Tmut       9%         N/A       61%         4
 Agony                    Necr           1%         N/A       99%         5
 Silence                  Hex/Air        0%         N/A       99%         5


Dungeon Overview and Level Annotations

Branches:
Dungeon (3/15)              Sewer (1/1)

Altars:

Annotations:
Sewer Pargi


Innate Abilities, Weirdness & Mutations

You have temporarily grown beastly horns and talons.
Your plain brown scales are hard. (AC +5)
You cannot fit into any form of body armour.
You are cold-blooded and may be slowed by cold attacks.


Message History

Your punch misses Pargi.
Pargi is lightly wounded.
Pargi barely misses you. x2; Pargi claws you.
You closely miss Pargi. Your kick misses Pargi. Your headbutt misses Pargi.
Your tail-slap misses Pargi.
Pargi is lightly wounded.
Pargi barely misses you. Pargi claws you. Pargi barely misses you.
You barely miss Pargi.
Pargi is lightly wounded.
Pargi barely misses you. Pargi claws you. Pargi barely misses you.
You barely miss Pargi. You headbutt Pargi.
Pargi is lightly wounded.
Pargi bites you. Pargi barely misses you. Pargi claws you but does no damage.
You hit Pargi. You claw Pargi, but do no damage.
Pargi is lightly wounded.
Pargi bites you. Pargi claws you. Pargi barely misses you.
You closely miss Pargi.
Pargi is lightly wounded.
Pargi barely misses you. Pargi completely misses you. Pargi misses you.
You hit Pargi. You claw Pargi. Your headbutt misses Pargi.
Your tail-slap misses Pargi.
Pargi is lightly wounded.
Pargi bites you. Pargi claws you but does no damage. Pargi claws you.
You hit Pargi. You claw Pargi. Your headbutt misses Pargi. You punch Pargi.
Pargi is heavily wounded.
You barely miss Pargi. Your kick misses Pargi. Your headbutt misses Pargi.
Pargi is heavily wounded.
Your transformation is almost over.
Pargi bites you. Pargi completely misses you. Pargi barely misses you.
You miss Pargi.
Pargi is heavily wounded.
Pargi bites you.
* * * LOW HITPOINT WARNING * * *
Pargi claws you but does no damage. Pargi barely misses you.
You hit Pargi. You headbutt Pargi, but do no damage.
Pargi is heavily wounded.
Pargi bites you.
* * * LOW HITPOINT WARNING * * *
Pargi claws you but does no damage. Pargi claws you.
You die...

≈≈≈~.##..~~≈≈≈≈≈≈≈≈≈≈#
≈.. #####.≈≈≈≈≈≈≈≈≈##
~ #~~.≈≈≈≈≈≈≈≈#
###..≈≈≈≈≈≈###
###.≈≈≈≈≈≈≈#
##~≈≈≈≈≈≈# ##~≈≈≈≈≈##
##T≈≈≈≈≈≈# #@~≈≈≈≈≈≈≈#
###†≈≈≈≈≈≈≈≈#
#.∩≈≈≈≈≈≈≈≈≈#
#.∩≈≈≈≈≈≈≈≈≈≈
###~≈≈≈≈≈≈≈≈#
#.~≈≈≈≈≈≈## #.≈≈≈≈≈≈##
.≈≈≈≈≈≈≈≈ ~≈≈≈≈≈≈≈≈


You could see Pargi.

Vanquished Creatures
  5 adders
  2 worms (D:2)
  2 dart slugs (D:2)
  An orc (D:3)
  4 endoplasms
  4 giant cockroaches
  8 goblins
  4 hobgoblins
  3 jackals (D:2)
  2 quokkas
  4 ball pythons (D:1)
  5 bats
  4 frilled lizards
  5 kobolds
  7 rats
60 creatures vanquished.

Notes
Turn   | Place    | Note
-------+----------+-------------------------------------------
     0 | D:1      | cheesebisquit the Draconian Transmuter began the quest for
                  | the Orb.
     0 | D:1      | Reached XP level 1. HP: 16/16 MP: 3/3
   208 | D:1      | Reached XP level 2. HP: 18/23 MP: 3/5
   264 | D:1      | Reached skill level 3 in Transmutations
   272 | D:1      | Learned a level 2 spell: Wereblood
   767 | D:2      | Reached XP level 3. HP: 24/28 MP: 4/6
   902 | D:2      | Identified the +1 ring mail of Ediz {Dex+4 Stlth+}
  1060 | D:2      | Reached skill level 4 in Transmutations
  1069 | D:2      | Learned a level 3 spell: Spider Form
  1562 | D:3      | Reached XP level 4. HP: 35/35 MP: 7/7
  1653 | D:3      | Found a glowing drain.
  1693 | Sewer    | Entered a sewer
  1705 | Sewer    | Reached skill level 5 in Transmutations
  1746 | Sewer    | Noticed Pargi
  1774 | Sewer    | HP: 1/35 [Pargi (6)]
  1774 | Sewer    | Slain by Pargi

Illustrated notes

Levels and vault maps discovered:
D:1:      minmay_arrival_stair_chambers, layout_rooms, minmay_quantized
D:2:      layout_basic, lightli_corner_chamber
D:3:      layout_rooms, hellmonk_ecumenical_altar_run_dry, gup_sewer_entry_glass
Sewer:    sewer_co_pargi_island

Skill      XL: |  1  2  3  4 |
---------------+-------------+-----
Transmutations | 3 4 5 |  5.0
Fighting       | |  1.1
Dodging        | |  1.7
Unarmed Combat | |  3.0
Spellcasting   | |  2.0

Action                     |  1- 3 |  4- 6 || total
---------------------------+-------+-------++-------
  Melee: Unarmed           |   116 |    48 ||   164
         Kick              |    17 |    11 ||    28
         Headbutt          |    10 |     6 ||    16
         Tailslap          |    10 |     3 ||    13
         Punch             |     4 |     1 ||     5
   Cast: Beastly Appendage |    26 |     5 ||    31
         Wereblood         |     2 |     3 ||     5
    Use: Scroll            |     3 |       ||     3
 Armour: Skin              |    42 |    27 ||    69
  Dodge: Dodged            |    69 |    40 ||   109
